 Dungeon Crawl Stone Soup version 0.30.1-3-gfc49f6343a (webtiles) character file.

Game seed: 9790965631172064928

614 cdecastro the Cudgeller (level 7, -1/71 HPs)
             Began as a Troll Fighter on July 20, 2023.
             Was an Initiate of the Shining One.
             Slain by a water moccasin (3 damage)
             ... on level 5 of the Dungeon.
             The game lasted 00:09:12 (3385 turns).

cdecastro the Cudgeller (Troll Fighter)             Turns: 3385, Time: 00:09:13

Health: -1/71      AC:  6    Str: 24 (25) XL:     7   Next: 20%
Magic:  5/5        EV:  8    Int:  2 (4)  God:    the Shining One [......]
Gold:   291        SH:  7    Dex:  8 (11) Spells: 6/6 levels left

rFire   . . .        (no weapon)
rCold   + . .        c - +0 kite shield
rNeg    . . .        r - +2 robe {rC+}
rPois   .            (helmet restricted)
rElec   .            (no cloak)
rCorr   .            (gloves unavailable)
SInv    .            (boots unavailable)
Will    .....        (no amulet)
Stlth   +            (no ring)
HPRegen 1.11/turn    (no ring)
MPRegen 0.09/turn

%: no passive effects
@: lethally poisoned (-1 -> -10), hasted, glowing, very quick
A: large, unfitting armour, claws 3, regeneration 1, shaggy fur 1, tough skin 1,
low MP 1, evolution 1
a: Renounce Religion


You were on level 5 of the Dungeon.
You worshipped the Shining One.
The Shining One was noncommittal.
You visited 2 branches of the dungeon, and saw 6 of its levels.
You also visited: Sewer.

You collected 291 gold pieces.

Inventory:

Hand Weapons
 a - a +1 dagger of venom
 i - a +0 flail
 s - a +0 whip of draining
Missiles
 k - 4 curare-tipped darts (quivered)
 p - 6 poisoned darts
 t - 8 boomerangs
 A - a silver boomerang
Armour
 b - a +0 robe
 c - a +0 kite shield (worn)
 r - a +2 robe of cold resistance (worn)
Wands
 z - a wand of mindburst (5)
Scrolls
 e - a scroll of magic mapping {unknown}
 g - 2 scrolls of fog {unknown}
 j - 7 scrolls of identify {unknown}
 l - a scroll of vulnerability {unknown}
 m - 2 scrolls of enchant weapon {unknown}
 n - a scroll of fear {unknown}
 q - a scroll of butterflies {unknown}
 u - 2 scrolls of enchant armour {unknown}
 v - 2 scrolls of blinking
 w - 5 scrolls of noise {unknown}
 y - a scroll of poison {unknown}
Potions
 d - a potion of might
 h - a potion of haste
 o - a potion of mutation
 x - a potion of berserk rage {unknown}


   Skills:
 + Level 4.4 Fighting
 * Level 6.1 Maces & Flails
 - Level 2.4 Dodging
 - Level 2.6 Shields


You had 6 spell levels left.
You didn't know any spells.
Your spell library was empty.

Dungeon Overview and Level Annotations

Branches:
Dungeon (5/15)             Temple (1/1) D:4           Sewer (visited)

Altars:
Ashenzari
Cheibriados
Dithmenos
Fedhas
Gozag
Kikubaaqudgha
Okawaru
Trog
Vehumet
Wu Jian
Xom
Yredelemnul
Zin
The Shining One


Innate Abilities, Weirdness & Mutations

You are too large for most types of armour.
You have claws for hands.
Your natural rate of healing is unusually fast.
You are covered in fur. (AC +1)
You have tough skin. (AC +1)
Your magical capacity is low. (-10% MP)
You have hidden genetic potential.


Message History

You feel very sick. The water moccasin bites you.
You are more poisoned.
The water moccasin poisons you!
You claw the water moccasin!
The water moccasin is severely wounded.
You feel extremely sick. You block the water moccasin's attack.
The water moccasin bites you!
You are more poisoned.
The water moccasin poisons you!
You barely miss the water moccasin.
The water moccasin is severely wounded.
You feel extremely sick. The water moccasin bites you.
* * * LOW HITPOINT WARNING * * *
You barely miss the water moccasin.
The water moccasin is severely wounded.
You feel extremely sick. The water moccasin bites you.
* * * LOW HITPOINT WARNING * * *
You are lethally poisoned!
The water moccasin poisons you! The water moccasin bites you.
* * * LOW HITPOINT WARNING * * *
It was a potion of haste.
You feel yourself speed up.
* * * LOW HITPOINT WARNING * * *
You feel extremely sick. You block the water moccasin's attack.
It was a potion of mutation.
You feel extremely strange.
You feel less energetic.
You feel a hidden potential growing inside you.
* * * LOW HITPOINT WARNING * * *
You feel very sick. The water moccasin closely misses you.
It was a potion of degeneration.
There was something very wrong with that liquid.
You feel weakened.
You feel dopey.
You feel clumsy.
* * * LOW HITPOINT WARNING * * *
You feel very sick. The water moccasin bites you.
You die...

#.###.........#........
#.##.............#######
## #.#..######.###
#...#.# #.# ##.##.# #.#
##.##.######.#
#^.........#†#
.....##.####.#.# ###.
#@# #.# # #S# #.# #.#
#.# #.# #.# ..# #.######
### #......# ######.#
#.# #.#


You could see a water moccasin.

Vanquished Creatures
  A black bear (D:5)
  2 bullfrogs (Sewer)
  An orc priest (D:3)
  A sleepcap (D:4)
  Jessica (D:2)
  An iguana (D:5)
  Robin (D:3)
  4 gnolls (D:5)
  8 adders
  2 river rats (D:3)
  A white imp (D:5)
  2 worms (D:2)
  2 dart slugs (D:2)
  19 orcs
  3 bats
  5 endoplasms
  10 giant cockroaches
  10 goblins
  12 hobgoblins
  3 jackals (D:2)
  5 kobolds
  4 quokkas
  5 ball pythons
  7 frilled lizards
  8 rats
118 creatures vanquished.

Notes
Turn   | Place    | Note
-------+----------+-------------------------------------------
     0 | D:1      | cdecastro the Troll Fighter began the quest for the Orb.
     0 | D:1      | Reached XP level 1. HP: 22/22 MP: 0/0
    39 | D:1      | Reached skill level 2 in Maces & Flails
   312 | D:1      | Reached XP level 2. HP: 29/29 MP: 1/1
   357 | D:1      | Found a faded altar of an unknown god.
   605 | D:2      | Reached XP level 3. HP: 36/36 MP: 2/2
   812 | D:2      | Reached skill level 3 in Maces & Flails
   863 | D:2      | Noticed Jessica
   883 | D:2      | Killed Jessica
   884 | D:2      | Reached XP level 4. HP: 45/45 MP: 3/3
  1365 | D:3      | Noticed Robin
  1408 | D:3      | Killed Robin
  1489 | D:3      | Reached skill level 4 in Maces & Flails
  1497 | D:3      | Reached XP level 5. HP: 29/53 MP: 4/4
  1546 | D:3      | Found a glowing drain.
  1595 | Sewer    | Entered a sewer
  1881 | Sewer    | Reached skill level 5 in Maces & Flails
  1881 | Sewer    | Reached XP level 6. HP: 43/62 MP: 5/5
  2302 | D:3      | Identified the +0 leather armour "Inimekiu" {Dex+3}
  2743 | D:4      | Found a staircase to the Ecumenical Temple.
  2752 | Temple   | Entered the Ecumenical Temple
  2822 | Temple   | Became a worshipper of the Shining One
  3024 | D:5      | Entered Level 5 of the Dungeon
  3094 | D:5      | Reached XP level 7. HP: 56/70 MP: 6/6
  3242 | D:5      | Reached skill level 6 in Maces & Flails
  3384 | D:5      | Gained mutation: Your magical capacity is low. (-10% MP)
                  | [potion of mutation]
  3384 | D:5      | Gained mutation: You have hidden genetic potential. [potion
                  | of mutation]
  3385 | D:5      | HP: 2/71 [poisoned by a water moccasin]
  3385 | D:5      | Slain by a water moccasin

Illustrated notes

Levels and vault maps discovered:
D:1:      dpeg_arrival_ratfight, layout_rooms, shapermc_ecumenical_altar_pompeii
D:2:      layout_rooms, uniq_jessica
D:3:      layout_basic, portal_sewer_entry_b, uniq_robin
D:4:      layout_basic, minmay_temple_entry_purple_smoke,
          kennysheep_generic_room_2
D:5:      layout_loops_ring, uniq_eustachio
Temple:   eino_temple_lava

Skill      XL: |  1  2  3  4  5  6  7 |
---------------+----------------------+-----
Maces & Flails | 2 3 4 5 6 |  6.1
Fighting       | 3 4 |  4.4
Dodging        | |  2.4
Shields        | |  2.6

Action                     |  1- 3 |  4- 6 |  7- 9 || total
---------------------------+-------+-------+-------++-------
  Melee: Unarmed           |    12 |       |     8 ||    20
         Dagger            |    82 |   285 |    53 ||   420
         Flail             |       |     4 |       ||     4
    Use: Potion            |       |       |     3 ||     3
   Stab: Sleeping          |     1 |     1 |       ||     2
 Armour: Robe              |    14 |    93 |    14 ||   121
  Dodge: Dodged            |    24 |    96 |    30 ||   150
  Block: Kite shield       |    29 |   112 |    23 ||   164
